 Dungeon Crawl Stone Soup version 0.22.0-49-gab54619 (webtiles) character file.

110645 nicolaieve the Peltast (level 16, -1/147 HPs)
             Began as a Minotaur Berserker on Sept 6, 2018.
             Was a High Priest of Trog.
             Succumbed to a swamp dragon's poison gas
             ... on level 4 of the Swamp.
             The game lasted 02:08:42 (22417 turns).

nicolaieve the Peltast (Minotaur Berserker)        Turns: 22417, Time: 02:08:43

Health: -1/147     AC: 33    Str: 23    XL:     16   Next: 7%
Magic:  15/15      EV:  9    Int:  4    God:    Trog [*****.]
Gold:   3075       SH: 27    Dex: 16    Spells: 15/15 levels left

rFire    . . .     SeeInvis .   Q - +5 flail "Geozycs" {drain, +Rage MR+ Stlth+}
rCold    . . .     Gourm    .   v - +0 large shield
rNeg     . . .     Faith    .   E - +1 storm dragon scales
rPois    .         Spirit   .   l - +2 hat
rElec    +         Reflect  +   g - +2 cloak
rCorr    .         Harm     .   w - +0 pair of gloves
MR       ++...                  J - +1 pair of boots
Stlth    ..........             W - +4 amulet of reflection
HPRegen  0.34/turn              P - +6 ring of protection
MPRegen  0.14/turn              B - +3 ring of slaying

@: lethally poisoned (-1 -> -108)
A: retaliatory headbutt, horns 2
a: Berserk, Trog's Hand, Brothers in Arms, Renounce Religion, Evoke Berserk Rage


You were on level 4 of the Swamp.
You worshipped Trog.
Trog was extremely pleased with you.
You were not hungry.

You visited 4 branches of the dungeon, and saw 26 of its levels.
You also visited: Sewer, Ossuary and Volcano.

You collected 3125 gold pieces.
You spent 50 gold pieces at shops.

Inventory:

Hand Weapons
 e - a +2 hunting sling of flaming
 k - a +0 fustibalus
 Q - the +5 flail "Geozycs" (weapon) {drain, +Rage MR+ Stlth+}
   (You found it on level 11 of the Dungeon)

   A truly terrible weapon, it drains the life of those it strikes.
   It affects your resistance to hostile enchantments.
   It lets you go berserk.
   It makes you more stealthy.
Missiles
 D - 330 sling bullets (quivered)
Armour
 g - a +2 cloak (worn)
 j - +0 fire dragon scales
 l - a +2 hat (worn)
 v - a +0 large shield (worn)
 w - a +0 pair of gloves (worn)
 x - a +0 buckler
 E - +1 storm dragon scales (worn)
 J - a +1 pair of boots (worn)
 L - a +0 chain mail of cold resistance
 Y - a +2 chain mail of magic resistance
Jewellery
 h - an uncursed amulet of faith
 B - a +3 ring of slaying (right hand)
 P - a +6 ring of protection (left hand)
 W - a +4 amulet of reflection (around neck)
Wands
 t - a wand of flame (52)
 A - a wand of acid (8)
 H - a wand of paralysis (44)
 M - a wand of iceblast (25)
 N - a wand of disintegration (26)
 X - a wand of polymorph (21)
Scrolls
 a - 2 scrolls of holy word
 f - 6 scrolls of immolation
 m - 10 scrolls of remove curse
 n - a scroll of silence
 o - 6 scrolls of enchant armour
 u - 7 scrolls of enchant weapon
 y - 15 scrolls of teleportation
 z - 5 scrolls of identify
 K - 2 scrolls of fear
 R - 2 scrolls of summoning
 U - a scroll of magic mapping
Potions
 b - 4 potions of might
 d - 2 potions of berserk rage
 i - 8 potions of flight
 p - 2 potions of cancellation {unknown}
 q - 5 potions of curing
 r - 3 potions of haste
 s - 4 potions of invisibility
 C - a potion of mutation
 F - a potion of resistance
 G - 4 potions of ambrosia
 I - a potion of heal wounds
 O - 4 potions of agility
Comestibles
 c - 45 rations


   Skills:
 - Level 14.7 Fighting
 - Level 14.0 Maces & Flails
 - Level 10.8 Slings
 - Level 14.0 Armour
 - Level 2.1 Dodging
 * Level 20.1 Shields


You had 15 spell levels left.
You didn't know any spells.
Your spell library was empty.

Dungeon Overview and Level Annotations

Branches:
Dungeon (14/15)            Temple (0/1) D:7            Lair (6/6) D:8
  Swamp (4/4) Lair:4       Spider (0/4) Lair:4        Slime (0/5) Lair:5
    Orc (2/2) D:12            Elf (0/3) Orc:2        Vaults (0/5) D:13

Altars:
Cheibriados
Fedhas
Okawaru
Qazlal
Ru
Trog
Beogh
Jiyva

Shops:
D:4 :   D:5 (   D:6 ?   D:8 [   Orc:2 [((

Annotations:
Lair:4 exclusion: oklob plant


Innate Abilities, Weirdness & Mutations

You reflexively headbutt those who attack you in melee.
You have a pair of horns on your head.


Message History

The swamp dragon breathes poison at you.
The blast of poison engulfs you!
You are more poisoned.
You hear a roar!
You are engulfed in poison gas.
You are more poisoned.
* * * LOW HITPOINT WARNING * * *
You feel extremely sick.
You are engulfed in poison gas.
You are more poisoned.
* * * LOW HITPOINT WARNING * * *
x2 You feel extremely sick.
You are engulfed in poison gas.
You are more poisoned.
* * * LOW HITPOINT WARNING * * *
x2 You feel extremely sick.
You are engulfed in poison gas.
You are more poisoned.
* * * LOW HITPOINT WARNING * * *
You die...

≈.♣. ♣♣≈≈≈≈.♣ #..$ ♣≈.≈≈≈.♣♣♣
#...# ♣.≈....♣≈≈ #.[§#
♣.....≈≈≈≈ ♣♣♣≈≈.♣♣
♣♣♣.†≈†♣..≈≈ ♣♣♣≈.....♣♣♣
♣≈≈...♣.≈≈≈≈ ..≈.§..≈§[§♣♣
♣♣♣♣≈†≈≈..≈≈§.
..≈.≈..≈)[†§♣♣♣♣≈..≈≈≈≈.≈...≈
♣...≈≈..≈≈.D@♣≈.≈§≈≈≈≈≈.♣♣♣♣♣
♣....≈.≈≈♣§.§≈.≈≈≈≈≈≈≈<♣♣♣ ♣
♣♣....≈..≈≈≈♣§♣..≈≈≈≈≈..≈♣ ♣
♣♣≈..≈...≈♣♣♣♣≈≈≈≈≈≈≈..♣♣
♣≈.......♣♣ ♣≈≈≈...≈♣♣♣
♣♣.♣♣♣.♣♣♣ ♣♣.≈.♣♣♣♣ ♣♣ ♣♣♣
♣♣≈.♣♣♣ ♣♣...♣ ♣.≈♣♣


You could see a swamp dragon.

Vanquished Creatures
  Saint Roka (Orc:2)
  2 thorn hunters
  The ghost of Haxiwum the Devastator, a journeyman DrFE of Vehumet (Swamp:3)
  A stone giant (Orc:1)
  Fannar (Lair:1)
  Erolcha (D:13)
  4 vault guards (D:13)
  20 hydras
  A catoblepas (Lair:6)
  3 centaur warriors
  11 alligators
  5 two-headed ogres
  4 death yaks (Lair:6)
  An orc high priest (Orc:2)
  A spriggan berserker (Swamp:2)
  A hell knight (Volcano)
  A deep elf knight (Swamp:2)
  Nergalle (Lair:1)
  4 spriggan druids
  An unseen horror (D:14)
  3 shambling mangroves
  4 swamp dragons
  An orc knight (Orc:2)
  3 ugly things
  An orc sorcerer (Orc:2)
  2 deep elf magi
  A manticore (D:11)
  2 cyclopes
  A wolf spider (Lair:4)
  Maurice (D:13)
  The ghost of Lew the Basher, a novice GrFi of Okawaru (D:6)
  A black mamba (shapeshifter) (D:13)
  2 centaur zombies
  Joseph (D:8)
  9 elephants (Lair:6)
  An ice statue (D:14)
  2 gargoyles
  13 spiny frogs
  2 rime drakes
  8 komodo dragons
  2 kobold demonologists (D:13)
  2 yaktaurs (Volcano)
  A freezing wraith (D:14)
  2 jumping spiders (Lair:4)
  A queen bee (Lair:1)
  2 tyrant leeches
  2 trolls (Orc:1)
  2 polar bears (Lair:6)
  4 slime creatures (Swamp:2)
  14 hornets
  Prince Ribbit (D:8)
  9 dream sheep
  13 blink frogs
  9 bog bodies
  9 hippogriffs
  Sigmund (D:2)
  6 spriggans
  3 shadows
  4 wyverns
  21 yaks
  5 basilisks
  A hungry ghost (D:10)
  Grum (D:10)
  9 vampire mosquitoes
  19 swamp worms
  3 insubstantial wisps (Swamp:1)
  8 wargs
  An acid dragon (D:14)
  10 water moccasins
  4 porcupines
  3 soldier ants
  9 swamp drakes
  24 orc warriors
  2 ice beasts
  3 phantoms
  A black bear (D:7)
  5 sky beasts
  9 ogres
  23 wolves
  A necrophage (D:6)
  7 crocodiles
  7 centaurs
  4 big kobolds
  13 bullfrogs
  A gnoll sergeant (D:10)
  A wyvern skeleton (D:13)
  A water moccasin zombie (D:7)
  3 scorpions
  30 killer bees
  11 howler monkeys
  3 wights (D:14)
  4 jellies
  2 electric eels (Lair:6)
  A bullfrog zombie (D:5)
  8 crimson imps
  4 hounds
  A quasit (D:13)
  24 orc priests
  24 orc wizards
  2 bullfrog skeletons
  2 gnoll shamans
  2 centaur skeletons
  5 iguanas
  14 worker ants
  5 big kobold zombies (Ossuary)
  A hound skeleton (D:5)
  4 mummies (Ossuary)
  A worker ant zombie (D:8)
  18 gnolls
  2 orc zombies
  11 adders
  A gnoll zombie (D:5)
  2 shadow imps
  2 oozes
  An adder zombie (Ossuary)
  An adder skeleton (D:4)
  3 worms
  2 dart slugs (D:1)
  5 leopard geckos
  86 orcs
  5 giant cockroaches
  7 goblins
  10 hobgoblins
  8 jackals
  3 quokkas
  5 ball pythons
  12 bats
  6 frilled lizards
  A jackal skeleton (D:4)
  A jackal zombie (Ossuary)
  23 kobolds
  4 kobold zombies (Ossuary)
  A leopard gecko zombie (D:6)
  4 rats
  A plant (Lair:6)
783 creatures vanquished.

Vanquished Creatures (collateral kills)
  A hydra (Lair:6)
  A deep troll shaman (Lair:6)
  An ugly thing (D:9)
  2 polar bears (Lair:6)
  An orc warrior (D:9)
  An orc (D:9)
7 creatures vanquished.

Vanquished Creatures (others)
  An alligator (Swamp:2)
  An orc (Orc:2)
  9 fungi
  9 plants
20 creatures vanquished.

Grand Total: 810 creatures vanquished

Notes
Turn   | Place    | Note
-------+----------+-------------------------------------------
     0 | D:1      | nicolaieve the Minotaur Berserker began the quest for the
                  | Orb.
     0 | D:1      | Reached XP level 1. HP: 19/19 MP: 0/0
   199 | D:1      | Reached XP level 2. HP: 23/26 MP: 1/1
   333 | D:1      | Reached skill level 5 in Maces & Flails
   412 | D:1      | Reached XP level 3. HP: 31/31 MP: 2/2
   867 | D:2      | Reached ** piety under Trog
   871 | D:2      | Reached XP level 4. HP: 35/39 MP: 3/3
  1061 | D:2      | Noticed Sigmund
  1074 | D:2      | Killed Sigmund
  1074 | D:2      | Reached XP level 5. HP: 45/45 MP: 4/4
  1166 | D:3      | Reached XP level 6. HP: 24/51 MP: 5/5
  2108 | D:4      | Found Kurroff's Book Shoppe.
  2174 | D:5      | Entered Level 5 of the Dungeon
  2183 | D:5      | Found a transporter.
  2286 | D:5      | Reached *** piety under Trog
  2306 | D:5      | Reached XP level 7. HP: 43/57 MP: 6/6
  2383 | D:5      | Reached skill level 10 in Maces & Flails
  2583 | D:5      | Found Ratogup's Antique Weapon Emporium.
  2735 | D:5      | Found a transporter.
  2783 | D:5      | Reached XP level 8. HP: 52/64 MP: 7/7
  3170 | D:6      | Found a glowing drain.
  3178 | Sewer    | Entered a sewer
  3349 | Sewer    | Received a gift from Trog
  3754 | D:6      | Reached skill level 2 in Shields
  3756 | D:6      | Reached skill level 3 in Shields
  3834 | D:6      | Reached skill level 4 in Shields
  4034 | D:6      | Reached **** piety under Trog
  4084 | D:6      | Found a runed gate.
  4085 | D:6      | Found a runed gate.
  4085 | D:6      | Found a runed gate.
  4085 | D:6      | Noticed Lew's ghost (novice GrFi)
  4096 | D:6      | Found a sacrificial altar of Ru.
  4121 | D:6      | Killed Lew's ghost
  4121 | D:6      | Reached skill level 5 in Shields
  4194 | D:6      | Reached skill level 5 in Fighting
  4194 | D:6      | Reached XP level 9. HP: 74/74 MP: 8/8
  4284 | D:6      | Found Watilim's Magic Scroll Emporium.
  4290 | D:6      | Bought a scroll of identify for 20 gold pieces
  4290 | D:6      | Bought a scroll of random uselessness for 10 gold pieces
  4290 | D:6      | Bought a scroll of identify for 20 gold pieces
  5218 | D:7      | Reached skill level 1 in Slings
  5234 | D:7      | Reached skill level 5 in Armour
  5322 | D:7      | Found a sand-covered staircase.
  5327 | Ossuary  | Entered an ossuary
  5546 | D:7      | Found a snail-covered altar of Cheibriados.
  5546 | D:7      | Found an iron altar of Okawaru.
  5684 | D:7      | Found a staircase to the Ecumenical Temple.
  5703 | D:7      | Found a stormy altar of Qazlal.
  6189 | D:8      | Noticed a two-headed ogre
  6197 | D:8      | Killed a two-headed ogre
  6197 | D:8      | Reached skill level 6 in Shields
  6319 | D:8      | Reached XP level 10. HP: 84/84 MP: 9/9
  6401 | D:8      | Found a staircase to the Lair.
  6412 | D:8      | Noticed Prince Ribbit
  6426 | D:8      | Killed Prince Ribbit
  6497 | D:8      | Found Nag Mio's Antique Armour Shop.
  6550 | D:8      | Noticed Joseph
  6563 | D:8      | Killed Joseph
  6563 | D:8      | Reached skill level 7 in Shields
  6659 | D:8      | Received a gift from Trog
  6704 | D:8      | Noticed a two-headed ogre
  6714 | D:8      | Killed a two-headed ogre
  7095 | D:9      | Noticed a two-headed ogre
  7100 | D:9      | Killed a two-headed ogre
  7144 | D:9      | Reached ***** piety under Trog
  7326 | D:9      | Reached skill level 5 in Slings
  7338 | D:9      | Received a gift from Trog
  7347 | D:9      | Noticed a purple ugly thing
  7392 | D:9      | Killed a purple ugly thing
  7392 | D:9      | Reached skill level 8 in Shields
  7632 | D:9      | Reached XP level 11. HP: 94/94 MP: 10/10
  7837 | D:10     | Entered Level 10 of the Dungeon
  8077 | D:10     | Noticed Grum
  8080 | D:10     | Received a gift from Trog
  8093 | D:10     | Killed Grum
  8412 | D:10     | Noticed a two-headed ogre
  8417 | D:10     | Killed a two-headed ogre
  8457 | D:10     | Received a gift from Trog
  9044 | D:11     | Reached skill level 9 in Shields
  9174 | D:11     | Noticed a green ugly thing
  9184 | D:11     | Killed a green ugly thing
  9251 | D:11     | Got a steaming flail
  9252 | D:11     | Identified the +5 flail "Geozycs" {drain, +Rage MR+ Stlth+}
                  | (You found it on level 11 of the Dungeon)
  9629 | D:12     | Noticed a six-headed hydra
  9635 | D:12     | Killed a six-headed hydra
  9635 | D:12     | Reached skill level 10 in Armour
  9742 | D:12     | Noticed a deep elf mage
  9748 | D:12     | Killed a deep elf mage
  9748 | D:12     | Reached skill level 10 in Fighting
  9959 | D:12     | Found a staircase to the Orcish Mines.
 10591 | Lair:1   | Entered Level 1 of the Lair of Beasts
 10629 | Lair:1   | Reached XP level 12. HP: 95/106 MP: 9/11
 10765 | Lair:1   | Reached skill level 10 in Shields
 10880 | Lair:1   | Noticed Fannar
 10908 | Lair:1   | Killed Fannar
 11127 | Lair:1   | Noticed Nergalle
 11136 | Lair:1   | Killed Nergalle
 11572 | Lair:2   | Noticed a five-headed hydra
 11580 | Lair:2   | Killed a five-headed hydra
 11580 | Lair:2   | Reached skill level 11 in Shields
 11954 | Lair:2   | You fall through a shaft for 2 floors!
 11955 | Lair:4   | Noticed a six-headed hydra
 11965 | Lair:4   | Killed a six-headed hydra
 11966 | Lair:4   | Received a gift from Trog
 12336 | Lair:4   | Found a hole to the Spider Nest.
 12401 | Lair:4   | Found a staircase to the Swamp.
 12753 | Lair:5   | Found a viscous altar of Jiyva.
 12753 | Lair:5   | Found a staircase to the Slime Pits.
 12865 | Lair:5   | Reached XP level 13. HP: 108/117 MP: 10/12
 13032 | Lair:5   | Reached skill level 12 in Shields
 13095 | Lair:5   | Found a dark tunnel.
 13100 | Volcano  | Entered a volcano
 13833 | Lair:6   | Entered Level 6 of the Lair of Beasts
 14024 | Lair:6   | Received a gift from Trog
 14063 | Lair:6   | Reached ****** piety under Trog
 14121 | Lair:6   | Reached skill level 13 in Shields
 14799 | Lair:6   | Reached XP level 14. HP: 95/129 MP: 9/13
 14844 | Lair:6   | Reached skill level 14 in Shields
 15256 | Orc:1    | Entered Level 1 of the Orcish Mines
 15312 | Orc:1    | Found a bloodstained altar of Trog.
 15316 | Orc:1    | Received a gift from Trog
 15323 | Orc:1    | Noticed a stone giant
 15337 | Orc:1    | Killed a stone giant
 15337 | Orc:1    | Reached skill level 10 in Slings
 15995 | Orc:2    | Entered Level 2 of the Orcish Mines
 16095 | Orc:2    | Found a staircase to the Elven Halls.
 16167 | Orc:2    | Found a roughly hewn altar of Beogh.
 16484 | Orc:2    | Found a roughly hewn altar of Beogh.
 16485 | Orc:2    | Found Quklinab's Antique Weapon Emporium.
 16560 | Orc:2    | Found a roughly hewn altar of Beogh.
 16587 | Orc:2    | Found a roughly hewn altar of Beogh.
 16593 | Orc:2    | Received a gift from Trog
 16696 | Orc:2    | Noticed Saint Roka
 16700 | Orc:2    | Received a gift from Trog
 16729 | Orc:2    | Killed Saint Roka
 16811 | Orc:2    | Found Togoext's Antique Armour Boutique.
 16812 | Orc:2    | Found a roughly hewn altar of Beogh.
 16815 | Orc:2    | Found Cuuj Umeka's Antique Weapon Shop.
 17141 | D:13     | Reached skill level 15 in Shields
 17325 | D:13     | Noticed Erolcha
 17329 | D:13     | Killed Erolcha
 17493 | D:13     | Noticed Maurice
 17505 | D:13     | Killed Maurice
 17653 | D:13     | Found a gate to the Vaults.
 17900 | D:14     | Found a blossoming altar of Fedhas.
 18920 | Swamp:1  | Entered Level 1 of the Swamp
 18927 | Swamp:1  | Received a gift from Trog
 19120 | Swamp:1  | Reached skill level 16 in Shields
 19145 | Swamp:1  | Reached XP level 15. HP: 114/139 MP: 14/14
 19948 | Swamp:2  | Noticed a thorn hunter
 19954 | Swamp:2  | Reached skill level 17 in Shields
 19963 | Swamp:2  | Killed a thorn hunter
 20255 | Swamp:2  | Received a gift from Trog
 20629 | Swamp:3  | Reached skill level 18 in Shields
 21078 | Swamp:3  | Found a runed gate.
 21079 | Swamp:3  | Found a runed gate.
 21079 | Swamp:3  | Noticed Haxiwum's ghost (journeyman DrFE)
 21085 | Swamp:3  | Found a runed gate.
 21118 | Swamp:3  | Received a gift from Trog
 21228 | Swamp:3  | Killed Haxiwum's ghost
 21366 | Swamp:4  | Entered Level 4 of the Swamp
 21388 | Swamp:4  | Reached skill level 19 in Shields
 21700 | Swamp:4  | Received a gift from Trog
 22110 | Swamp:4  | Paralysed by a hornet for 1 turns
 22122 | Swamp:4  | Noticed a thorn hunter
 22141 | Swamp:3  | Killed a thorn hunter
 22305 | Swamp:4  | Reached XP level 16. HP: 125/147 MP: 15/15
 22334 | Swamp:4  | Reached skill level 20 in Shields
 22417 | Swamp:4  | Succumbed to a swamp dragon's poison gas

Skill      XL: |  1  2  3  4  5  6  7  8  9 10 11 12 13 14 15 16 |
---------------+-------------------------------------------------+-----
Maces & Flails | 4 5 6 8 9 11 12 13 14 | 14.0
Shields        | 5 6 8 9 11 13 16 19 20 | 20.1
Fighting       | 5 6 8 10 11 13 14 | 14.7
Armour         | 4 6 8 10 12 13 14 | 14.0
Slings         | 3 5 7 8 9 10 | 10.8
Dodging        | |  2.1

Action                   |  1- 3 |  4- 6 |  7- 9 | 10-12 | 13-15 | 16-18 || total
-------------------------+-------+-------+-------+-------+-------+-------++-------
Melee: Mace              |     9 |       |   214 |    96 |       |       ||   319
       Whip              |    79 |   169 |   127 |   236 |       |       ||   611
       Headbutt          |    14 |    35 |    72 |   155 |   288 |     8 ||   572
       Flail             |       |       |       |   347 |  1211 |    26 ||  1584
 Fire: Fustibalus        |       |       |       |    10 |       |       ||    10
Invok: Berserk           |       |     1 |     5 |    13 |    18 |     1 ||    38
       Trog's Hand       |       |       |     2 |     2 |     8 |     1 ||    13
       Brothers in Arms  |       |       |       |     1 |     1 |       ||     2
  Use: Scroll            |       |     7 |     7 |     8 |    11 |       ||    33
       Potion            |       |       |     1 |     1 |     5 |     1 ||     8
 Stab: Distracted        |       |       |       |       |     1 |       ||     1
       Confused          |       |       |       |       |     1 |       ||     1
  Eat: Chunk             |       |     6 |    15 |    36 |    42 |       ||    99
       Ration            |       |       |     1 |       |     3 |     1 ||     5
Armor: Chain mail        |     7 |       |       |       |   212 |       ||   219
       Plate armour      |    36 |    98 |   231 |   362 |    14 |       ||   741
       Storm dragon scal |       |       |       |       |   521 |    25 ||   546
Dodge: Dodged            |    30 |    55 |   129 |   179 |   371 |     8 ||   772
Block: Buckler           |       |       |       |    90 |   437 |       ||   527
       Reflection        |       |       |       |       |     7 |       ||     7
       Large shield      |       |       |       |       |   207 |    52 ||   259
